 Dungeon Crawl Stone Soup version 0.21.0-22-g11d5b52 (webtiles) character file.

763 nikopol the Chopper (level 7, -1/62 HPs)
             Began as a Minotaur Berserker on Jan 18, 2018.
             Was a Believer of Trog.
             Slain by an ogre
             ... wielding a +0 giant club
              (13 damage)
             ... on level 4 of the Dungeon.
             The game lasted 00:05:18 (2699 turns).

nikopol the Chopper (Minotaur Berserker)            Turns: 2699, Time: 00:05:19

Health: -1/62      AC:  6    Str: 22    XL:     7   Next: 51%
Magic:  6/6        EV: 12    Int:  4    God:    Trog [**....]
Gold:   129        SH:  0    Dex: 11    Spells: 6/6 levels left

rFire    . . .     SeeInvis .   a - +0 hand axe
rCold    . . .     Gourm    .   (no shield)
rNeg     . . .     Faith    .   f - +0 ring mail
rPois    .         Spirit   .   h - +0 hat {MR+}
rElec    .         Reflect  .   (no cloak)
rCorr    .         Harm     .   (no gloves)
MR       +....                  (no boots)
Stlth    +.........             (no amulet)
HPRegen  0.20/turn              (no ring)
MPRegen  0.10/turn              (no ring)

@: berserk cooldown, slowed, very slow
A: retaliatory headbutt, horns 2
a: Berserk, Trog's Hand, Burn Spellbooks, Renounce Religion


You were on level 4 of the Dungeon.
You worshipped Trog.
Trog was pleased with you.
You were not hungry.

You visited 1 branch of the dungeon, and saw 4 of its levels.

You collected 129 gold pieces.

Inventory:

Hand Weapons
 a - a +0 hand axe (weapon)
Missiles
 k - 12 bolts
 p - 62 arrows
Armour
 b - a +0 animal skin
 f - a +0 ring mail (worn)
 h - a +0 hat of magic resistance (worn)
Jewellery
 q - an uncursed amulet of rage {unknown}
 t - an uncursed amulet of magic regeneration {unknown}
Scrolls
 d - a scroll of immolation {unknown}
 g - 2 scrolls of remove curse {unknown}
 n - 4 scrolls of identify {unknown}
 o - a scroll of enchant armour {unknown}
 s - a scroll of magic mapping {unknown}
Potions
 e - 3 potions of curing {unknown}
 i - a potion of might {unknown}
 j - 3 potions of cancellation {unknown}
 l - a potion of lignification {unknown}
 m - a potion of agility {unknown}
 r - a potion of degeneration {unknown}
Comestibles
 c - 5 rations


   Skills:
 + Level 5.8 Fighting
 + Level 7.5 Axes
 + Level 5.3 Armour
 + Level 3.8 Dodging
 + Level 0.5 Stealth


You had 6 spell levels left.
You didn't know any spells.

Dungeon Overview and Level Annotations

Branches:
Dungeon (4/15)
 Temple: D:4-7

Altars:
Wu Jian


Innate Abilities, Weirdness & Mutations

You reflexively headbutt those who attack you in melee.
You have a pair of horns on your head.


Message History

You feel a strong urge to attack something.
You are no longer berserk.
You are exhausted.
You feel yourself slow down.
You see here an animal skin.
An ogre comes into view. It is wielding a giant club.
Things that are here:
an animal skin; a human corpse You butcher the human corpse.
The ogre shouts!
Things that are here:
an animal skin; 2 chunks of flesh Eat one of 2 chunks of flesh? (ye/n/q)
You eat one of the 2 chunks of flesh.
This raw flesh tastes terrible.
An ogre is nearby!
Unknown command.
You see here a scroll labeled BUCAIC TILAZO.
The ogre closely misses you. You furiously retaliate!
You headbutt the ogre! The ogre hits you with a giant club!
You die...

........#### ............. ..
........### .########. ....#
........# ......... .....
........## #......# ##...
.##......#####......# #...#
....##......##......# #...#
###..#......##......# #...#######
............#..@O..###..........
......................?.........
.(.....###.......................
.......##.....##.###........>...
.................#......[[......
......#.>....#............).....
..... #........#...##...........
.... #.......###...##...........
.....#..........##........p.


You could see an ogre.

Vanquished Creatures
  Pikel (D:4)
  The ghost of Daviar the Changer, an amateur BaTm (D:3)
  Menkaure (D:4)
  2 slaves (D:4)
  A hound (D:3)
  Jessica (D:3)
  An orc wizard (D:3)
  A worker ant (D:4)
  An adder (D:4)
  An ooze (D:3)
  A worm (D:3)
  11 orcs (D:3)
  4 giant cockroaches
  9 goblins
  9 hobgoblins
  2 jackals (D:3)
  5 quokkas
  A ball python (D:2)
  6 bats
  8 frilled lizards
  3 kobolds (D:1)
  7 rats
77 creatures vanquished.

Notes
Turn   | Place    | Note
-------+----------+-------------------------------------------
     0 | D:1      | nikopol the Minotaur Berserker began the quest for the Orb.
     0 | D:1      | Reached XP level 1. HP: 19/19 MP: 0/0
   341 | D:1      | Reached skill level 4 in Axes
   341 | D:1      | Reached XP level 2. HP: 23/27 MP: 1/1
  1009 | D:2      | Reached XP level 3. HP: 30/33 MP: 2/2
  1836 | D:3      | Reached ** piety under Trog
  1863 | D:3      | Found an ornate altar of the Wu Jian Council.
  1894 | D:3      | Noticed Daviar's ghost (amateur BaTm)
  1910 | D:3      | Killed Daviar's ghost
  1910 | D:3      | Reached skill level 5 in Axes
  1910 | D:3      | Reached XP level 4. HP: 30/41 MP: 3/3
  1910 | D:3      | Reached XP level 5. HP: 34/47 MP: 4/4
  2156 | D:3      | Reached XP level 6. HP: 55/55 MP: 5/5
  2236 | D:3      | Noticed Jessica
  2239 | D:3      | Killed Jessica
  2239 | D:3      | Reached skill level 5 in Fighting
  2239 | D:3      | Reached skill level 6 in Axes
  2673 | D:4      | Noticed Menkaure
  2675 | D:4      | Noticed a slave
  2675 | D:4      | Noticed a slave
  2677 | D:4      | Noticed Pikel
  2677 | D:4      | Noticed a slave
  2679 | D:4      | Noticed a slave
  2680 | D:4      | Killed Menkaure
  2680 | D:4      | Reached skill level 5 in Armour
  2680 | D:4      | Killed a slave
  2680 | D:4      | Killed a slave
  2683 | D:4      | Killed Pikel
  2683 | D:4      | Reached skill level 7 in Axes
  2683 | D:4      | Reached XP level 7. HP: 10/62 MP: 6/6
  2699 | D:4      | Slain by an ogre

Skill      XL: |  1  2  3  4  5  6 |
---------------+-------------------+-----
Axes           | 4 5 7 |  7.5
Fighting       | 4 5 |  5.8
Armour         | 4 5 |  5.3
Dodging        | 3 |  3.8
Stealth        | |  0.5

Action                   |  1- 3 |  4- 6 |  7- 9 || total
-------------------------+-------+-------+-------++-------
Melee: Hand axe          |    93 |    74 |       ||   167
       Headbutt          |    14 |    15 |       ||    29
Invok: Berserk           |     1 |     1 |       ||     2
  Eat: Chunk             |     2 |     5 |     1 ||     8
Armor: Ring mail         |    21 |    27 |       ||    48
       Animal skin       |     2 |       |       ||     2
Dodge: Dodged            |    66 |    39 |     1 ||   106
